 Dungeon Crawl Stone Soup version 0.31-a0-542-gdc2a67831c (webtiles) character file.

Game seed: 3661729559841590964

176 spiderkeys the Insei (level 5, -4/35 HPs)
             Began as an Octopode Shapeshifter on Aug 14, 2023.
             Slain by a gnoll bouda
             ... wielding a +0 club
              (13 damage)
             ... on level 4 of the Dungeon.
             The game lasted 00:02:59 (2615 turns).

spiderkeys the Insei (Octopode Shapeshifter)        Turns: 2615, Time: 00:03:00

Health: -4/35      AC:  1    Str: 14    XL:     5   Next: 56%
Magic:  5/5        EV: 14    Int: 11    God:
Gold:   1350       SH:  0    Dex: 14    Spells: 4/4 levels left

rFire   . .          .
                       - Unarmed
rCold   . . .        (no shield)
rNeg    . . .        (helmet currently unavailable)
rPois   .            (no amulet)
rElec   .            v - ring of see invisible
rCorr   .            (no ring)
SInv    +            (no ring)
Will    .....        (no ring)
Stlth   ++           (no ring)
HPRegen 0.25/turn    (no ring)
MPRegen 0.09/turn    (no ring)
                     (no ring)

%: no passive effects
@: beast-form, weakened
A: beast (slay +2), almost no armour, amphibious, 8 rings, camouflage 1,
gelatinous body 1, (nimble swimmer 1), tentacles
a: Begin Untransformation


You were on level 4 of the Dungeon.
You were a hulking beast.
You visited 1 branch of the dungeon, and saw 4 of its levels.

You collected 1350 gold pieces.


Innate Abilities, Weirdness & Mutations

You are a hulking beast.
Your limbs bulge with bestial killing power. (Slay +2)
You cannot wear most types of armour.
You are amphibious.
You can wear up to eight rings at the same time.
Your skin changes colour to match your surroundings (Stealth+).
Your rubbery body absorbs attacks. (AC +1, EV +1)
((You are camouflaged when in or above water. (Stealth+)))
You have tentacles for arms and can constrict up to eight enemies at once.


   Skills:
 + Level 2.6 Fighting
 + Level 3.2 Dodging
 + Level 4.0 Unarmed Combat
 + Level 3.7 Shapeshifting


You had 4 spell levels left.
You didn't know any spells.
Your spell library contained the following spells:

 Spells                   Type           Power      Damage    Failure   Level
 Magic Dart               Conj           0%         1d3       34%         1
 Call Imp                 Summ           0%         N/A       47%         2
 Wereblood                Tmut           0%         N/A       47%         2
 Mephitic Cloud           Conj/Pois/Air  0%         N/A       71%         3
 Irradiate                Conj/Tmut      0%         3d11      100%        5

Inventory:

Missiles
 d - 4 boomerangs
 f - 15 stones
Jewellery
 v - a ring of see invisible (left tentacle)
   (You found it on level 2 of the Dungeon)
 F - a ring of fire
   (You found it on level 2 of the Dungeon)
Talismans
 b - a beast talisman (active)
 c - a flux talisman
Scrolls
 j - a scroll of fog
Potions
 a - a potion of lignification {!q}
 g - a potion of mutation {!q}
 h - 2 potions of curing {unknown}
 i - a potion of haste {@q3}
 l - a potion of degeneration {unknown}

Dungeon Overview and Level Annotations

Branches:
Dungeon (4/15) Zot: 21391
 Temple: D:4-7

Altars:
Ashenzari
Fedhas
Nemelex Xobeh

Annotations:
D:4 Eustachio

.....#######
.... .....
..S .... ..
.... . ..###
.g.. #b5##.#
#@g5..#
###+###h####
#......r5..#
#.....!....#
#..........##
###.##......#
#.##......#
#.........#
####......#
#......+


You could see Eustachio, a gnoll bouda, an iron imp (summoned), a gnoll (swift),
a crimson imp (summoned), a river rat (summoned), a shadow imp (summoned) and a
bat (summoned).


Message History

k - a scroll of teleportation Done exploring.
Done exploring.
There is an escape hatch in the floor here.
You slide downwards.
The hatch slams shut behind you.
As you read the scroll of teleportation {@r4}, it crumbles to dust.
You feel strangely unstable.
The gnoll bouda shouts!
The gnoll shouts! x3
You tentacle-slap the gnoll. You grab the gnoll. You squeeze the gnoll.
You constrict the gnoll.
You kill the gnoll!
You hear an angry hiss. x2; You hear a shout!
An adder comes into view.
A ball python comes into view.
Your Unarmed Combat skill increases to level 4!
The adder hisses angrily.
Eustachio casts a spell.
The gnoll hits you with a +0 spear! 😮 HP[-9]
You take 9 damage, and now have 26/35 hp.
MASSIVE DAMAGE!! (PAUSE)
You tentacle-slap the gnoll. You grab the gnoll.
You squeeze the gnoll, but do no damage.
You constrict the gnoll.
The gnoll bouda barks out a call to the hunt!
The gnolls pick up the pace!
The gnoll hits you with a +0 spear! The adder closely misses you.
The gnoll barely misses you. 😮 HP[-6]
You take 6 damage, and now have 20/35 hp.
You tentacle-slap the gnoll. You grab the gnoll.
Your surroundings suddenly seem different.
You lose your grip on something. x2
You start resting. 😎 HP[+15]
Your hp is fully restored (35).
The gnoll bouda shouts!
You tentacle-slap Eustachio but do no damage.
Your grab misses Eustachio. You squeeze Eustachio.
You hear a shout!
Eustachio barely misses you.
You barely miss Eustachio. You grab Eustachio. You constrict Eustachio.
Eustachio gestures wildly while chanting.
You tentacle-slap Eustachio but do no damage.
You constrict Eustachio. Eustachio hits you with a +0 rapier.
The gnoll bouda hits you with a +0 club. 😕 HP[-6]
You take 6 damage, and now have 29/35 hp.
Unknown command.
You tentacle-slap Eustachio. x2; Your squeeze misses Eustachio.
You constrict Eustachio, but do no damage.
The river rat bites you.
Eustachio gestures wildly while chanting.
The gnoll bouda barks out a call to the hunt! 😮 HP[-4]
You take 4 damage, and now have 25/35 hp.
You barely miss Eustachio. You constrict Eustachio. The river rat bites you.
The gnoll bouda gazes fiercely through you!
You feel your attacks grow feeble.
The gnoll bouda hits you with a +0 club.
Eustachio barely misses you. 😮 HP[-6]
You take 6 damage, and now have 19/35 hp.
You tentacle-slap Eustachio. You constrict Eustachio.
The river rat barely misses you. The iron imp closely misses you.
Eustachio hits you with a +0 rapier.
* * * LOW HITPOINT WARNING * * *
The gnoll bouda hits you with a +0 club.
* * * LOW HITPOINT WARNING * * *
😨 HP[-10]
You take 10 damage, and now have 9/35 hp.
MASSIVE DAMAGE!! (PAUSE)
You feel much better.
You constrict Eustachio.
The crimson imp disappears for a moment.
The river rat misses you.
The gnoll bouda hits you with a +0 club.
Eustachio closely misses you. The iron imp hits you.
* * * LOW HITPOINT WARNING * * *
😨 HP[+6]
You regained 6 hp, and now have 15/35 hp.
You tentacle-slap Eustachio but do no damage.
You squeeze Eustachio. You constrict Eustachio.
The river rat closely misses you.
The gnoll bouda hits you with a +0 club!
* * * LOW HITPOINT WARNING * * *
Eustachio closely misses you. The iron imp misses you. 😱 HP[-9]
You take 9 damage, and now have 6/35 hp.
MASSIVE DAMAGE!! (PAUSE)
You feel much better.
You constrict Eustachio. The river rat bites you!
Eustachio hits you with a +0 rapier!
* * * LOW HITPOINT WARNING * * *
The gnoll bouda gazes fiercely through you!
You feel as though you will be weak longer.
The gnoll bouda barely misses you. 😨 HP[+3]
You regained 3 hp, and now have 9/35 hp.
You release your grip on Eustachio.
The gnoll bouda attacks as you move away!
The gnoll bouda hits you with a +0 club!
You die...

Skill      XL: |  1  2  3  4  5 |
---------------+----------------+-----
Fighting       | 2 |  2.6
Dodging        | 3 |  3.2
Unarmed Combat | 4 |  4.0
Shapeshifting  | |  3.7

Action                     |  1- 3 |  4- 6 || total
---------------------------+-------+-------++-------
  Melee: Unarmed           |    50 |    57 ||   107
         Constrict         |    17 |    14 ||    31
         Tentacles         |    11 |    13 ||    24
         Punch             |     2 |     3 ||     5
    Use: Scroll            |     3 |     6 ||     9
         Potion            |       |     2 ||     2
   Stab: Sleeping          |     7 |     5 ||    12
         Distracted        |     1 |       ||     1
 Armour: Skin              |     4 |     3 ||     7
  Dodge: Dodged            |    24 |    36 ||    60

Levels and vault maps discovered:
D:1:      kilobyte_arrival_exit_the_forest, layout_loops_ring,
          hellmonk_ecumenical_altar_crossroads, solitary_fountain
D:2:      layout_basic, basic_altar, minmay_misc_feat_room, serial_park_tiny_1,
          dreamdust_princess_corridor
D:3:      layout_basic, nemelex_spade_bored_becter, old_standard_altar
D:4:      layout_basic, minmay_temple_entry_wispy, gammafunk_ghost_cemetery,
          st_stairs_9, uniq_eustachio

Notes
Turn   | Place    | Note
-------+----------+-------------------------------------------
     0 | D:1      | spiderkeys the Octopode Shapeshifter began the quest for
                  | the Orb.
     0 | D:1      | Reached XP level 1. HP: 13/13 MP: 1/1
     0 | D:1      | magus.rc [v1.11.6]
   195 | D:1      | Reached XP level 2. HP: 18/18 MP: 2/2
   504 | D:1      | Found a faded altar of an unknown god.
   747 | D:1      | Identified a scroll of acquirement
   747 | D:1      | Acquired 1170 gold pieces
   791 | D:2      | Reached XP level 3. HP: 23/23 MP: 3/3
  1065 | D:2      | Reached XP level 4. HP: 29/29 MP: 4/4
  1091 | D:2      | Reached skill level 2 in Fighting
  1121 | D:2      | Found a blossoming altar of Fedhas.
  1531 | D:3      | Found a broken altar of Ashenzari.
  1736 | D:3      | Reached skill level 3 in Dodging
  1736 | D:3      | Reached XP level 5. HP: 34/35 MP: 5/5
  1749 | D:3      | Found a sparkling altar of Nemelex Xobeh.
  1814 | D:3      | You add the spells Magic Dart, Call Imp and Mephitic Cloud
                  | to your library.
  2150 | D:3      | You add the spells Wereblood and Irradiate to your library.
  2533 | D:4      | Noticed Eustachio
  2536 | D:4      | Reached skill level 4 in Unarmed Combat
  2613 | D:4      | HP: 6/35 [gnoll bouda/+0 club (9)]
  2615 | D:4      | Slain by a gnoll bouda

Vanquished Creatures
  An orc priest (D:3)
  A gnoll (D:4)
  6 adders
  2 worms (D:2)
  3 dart slugs
  8 orcs (D:3)
  A ball python (D:2)
  12 bats
  2 endoplasms
  5 goblins
  7 hobgoblins
  6 kobolds
  2 quokkas
  A frilled lizard (D:3)
  7 rats
64 creatures vanquished.

Table legend:
 A = Non-vault XP
 B = Vault XP
 C = Vault XP percentage of total XP
 D = Non-vault monster count
 E = Vault monster count
 F = Vault count percentage of total count
                 A         B        C        D         E       F
            +---------+---------+-------+---------+---------+-------
      Total |     252 |       0 |   0.0 |      64 |       0 |   0.0
            +---------+---------+-------+---------+---------+-------
        D:1 |      33 |       0 |   0.0 |      16 |       0 |   0.0
        D:2 |      53 |       0 |   0.0 |      20 |       0 |   0.0
        D:3 |     152 |       0 |   0.0 |      27 |       0 |   0.0
        D:4 |      14 |       0 |   0.0 |       1 |       0 |   0.0
            +---------+---------+-------+---------+---------+-------

Skill      XL: |  1  2  3  4  5 |
---------------+----------------+-----
Fighting       | 2 |  2.6
Dodging        | 3 |  3.2
Unarmed Combat | 4 |  4.0
Shapeshifting  | |  3.7

Action                     |  1- 3 |  4- 6 || total
---------------------------+-------+-------++-------
  Melee: Unarmed           |    50 |    57 ||   107
         Constrict         |    17 |    14 ||    31
         Tentacles         |    11 |    13 ||    24
         Punch             |     2 |     3 ||     5
    Use: Scroll            |     3 |     6 ||     9
         Potion            |       |     2 ||     2
   Stab: Sleeping          |     7 |     5 ||    12
         Distracted        |     1 |       ||     1
 Armour: Skin              |     4 |     3 ||     7
  Dodge: Dodged            |    24 |    36 ||    60

Illustrated notes

Table legend:
 A = Kills in this place as a percentage of kills in the entire game.
 B = Kills by you in this place as a percentage of kills by you in the entire game.
 C = Kills by friends in this place as a percentage of kills by friends in the entire game.
 D = Other kills in this place as a percentage of other kills in the entire game.
 E = Experience gained in this place as a percentage of experience gained in the entire game.
 F = Experience gained in this place divided by the number of levels of this place that you have seen.
                   A       B       C       D       E      F
               +-------+-------+-------+-------+-------+----------------------
         Total | 100.0 | 100.0 |   N/A |   N/A | 100.0 |  63.0
       Dungeon | 100.0 | 100.0 |   N/A |   N/A | 100.0 |  63.0
               +-------+-------+-------+-------+-------+----------------------

Table legend: (Time is in decaauts)
 A = Elapsed time spent in this place.
 B = Non-inter-level travel time spent in this place.
 C = Inter-level travel time spent in this place.
 D = Time resting spent in this place.
 E = Time spent auto-exploring this place.
 F = Levels seen in this place.
 G = Mean time per level.
                   A        B        C        D        E       F      G
               +--------+--------+--------+--------+--------+-----+--------+
         Total |   2608 |   2541 |     67 |     60 |   2096 |   4 |  652.0 |
       Dungeon |   2608 |   2541 |     67 |     60 |   2096 |   4 |  652.0 |
               +--------+--------+--------+--------+--------+-----+--------+

Top non-repeatable levels by time:
     D:3: 1026 daAuts
     D:1: 783 daAuts
     D:2: 717 daAuts
     D:4: 81 daAuts
